 Dungeon Crawl Stone Soup version 0.26-a0-682-g294304f6e8 (webtiles) character file.

Game seed: 16337699092511168686

8739 Kinoniko the Spear-Bearer (level 11, 0/89 HPs)
             Began as a Gnoll Berserker on Oct 21, 2020.
             Was an Elder of Trog.
             Slain by Urug
             ... wielding a +0 great sword of flaming
              (20 damage)
             ... on level 10 of the Dungeon.
             The game lasted 00:16:02 (9319 turns).

Kinoniko the Spear-Bearer (Gnoll Berserker)         Turns: 9319, Time: 00:16:03

Health: 0/89       AC: 18    Str: 21    XL:     11   Next: 35%
Magic:  20/20      EV: 19    Int:  9    God:    Trog [****..]
Gold:   536        SH:  0    Dex: 23    Spells: 22/22 levels left

rFire    + . .     SeeInvis .   r - +4 flail (protect)
rCold    . . .     Faith    .   (no shield)
rNeg     . . .     Spirit   .   J - +0 troll leather armour
rPois    .         Reflect  .   q - +1 hat
rElec    .         Harm     .   P - +1 cloak {MR+}
rCorr    .         Rampage  .   (no gloves)
MR       +....                  y - +1 pair of boots
Stlth    ++++......             j - amulet of regeneration
HPRegen  1.04/turn              o - ring of protection from fire
MPRegen  0.17/turn              m - +6 ring of dexterity

@: brilliant, protection aura, berserk cooldown, studying Polearms
A: distributed training, fangs 1, strong nose
a: Berserk, Trog's Hand, Brothers in Arms, Renounce Religion


You were on level 10 of the Dungeon.
You worshipped Trog.
Trog was greatly pleased with you.
You visited 1 branch of the dungeon, and saw 10 of its levels.

You collected 601 gold pieces.
You spent 65 gold pieces at shops.

Inventory:

Hand Weapons
 a - a +0 spear
 k - a +2 dagger of venom
 r - a +4 flail of protection (weapon)
 A - a +0 spear of venom
Armour
 b - a +0 animal skin
 e - a scarf of harm
 n - a +0 chain mail
 q - a +1 hat (worn)
 y - a +1 pair of boots (worn)
 J - a +0 troll leather armour (worn)
 P - a +1 cloak of magic resistance (worn)
Jewellery
 f - an uncursed ring of wizardry
 j - an amulet of regeneration (around neck)
 m - a +6 ring of dexterity (right hand)
 o - a ring of protection from fire (left hand)
 p - a +6 ring of intelligence
 v - an uncursed ring of positive energy
 x - an uncursed ring of see invisible
 K - an uncursed ring of protection from cold
Wands
 t - a wand of enslavement (11)
 u - a wand of polymorph (6)
 C - a wand of flame (68)
 G - a wand of acid (5)
 L - a wand of paralysis (7)
 M - a wand of digging (11)
 N - a wand of random effects (26)
Scrolls
 h - 9 scrolls of remove curse
 l - 2 scrolls of magic mapping
 s - 2 scrolls of identify
 B - 2 scrolls of teleportation
 H - 2 scrolls of fog
Potions
 c - 3 potions of lignification
 d - a potion of degeneration {unknown}
 g - 9 potions of curing
 i - 2 potions of brilliance
 w - a potion of stabbing {unknown}
 z - a potion of cancellation {unknown}
 D - a potion of might {unknown}
 E - a potion of ambrosia {unknown}
 F - a potion of flight {unknown}
 Q - a potion of resistance {unknown}
Books
 I - a manual of Polearms
Miscellaneous
 O - a tin of tremorstones (3/3)


   Skills:
 + Level 9.1 Fighting
 + Level 6.2 Short Blades
 + Level 6.2 Long Blades
 + Level 6.2 Axes
 + Level 6.2 Maces & Flails
 + Level 9.4 Polearms
 + Level 6.2 Staves
 + Level 6.2 Slings
 + Level 6.2 Bows
 + Level 6.2 Crossbows
 + Level 6.2 Throwing
 + Level 7.8 Armour
 + Level 7.8 Dodging
 + Level 6.2 Stealth
 + Level 6.2 Shields
 + Level 6.2 Unarmed Combat
 + Level 6.2 Spellcasting
 + Level 5.1 Conjurations
 + Level 5.1 Hexes
 + Level 5.1 Summonings
 + Level 5.1 Necromancy
 + Level 5.1 Translocations
 + Level 5.1 Transmutations
 + Level 5.1 Fire Magic
 + Level 5.1 Ice Magic
 + Level 5.1 Air Magic
 + Level 5.1 Earth Magic
 + Level 5.1 Poison Magic
 + Level 6.8 Invocations
 + Level 6.2 Evocations


You had 22 spell levels left.
You didn't know any spells.
Your spell library contained the following spells:

 Spells                   Type           Power        Failure   Level
 Animate Skeleton         Necr           ###...       3%          1
 Apportation              Tloc           ###...       3%          1
 Corona                   Hex            ###....      3%          1
 Magic Dart               Conj           ###.         3%          1
 Sandblast                Erth           ###...       3%          1
 Shock                    Conj/Air       ###.         3%          1
 Summon Small Mammal      Summ           ###.         3%          1
 Blink                    Tloc           N/A          4%          2
 Call Imp                 Summ           ###.....     4%          2
 Passwall                 Tmut/Erth      ###.....     4%          2
 Slow                     Hex            ###.....     4%          2
 Swiftness                Air            ###.....     4%          2
 Conjure Flame            Conj/Fire      ###.....     9%          3
 Mephitic Cloud           Conj/Pois/Air  ###.....     9%          3
 Static Discharge         Conj/Air       ###.....     9%          3
 Stone Arrow              Conj/Erth      ###...       9%          3
 Airstrike                Air            ###.......   30%         4
 Petrify                  Tmut/Erth      ###.....     30%         4
 Lee's Rapid Deconstruct  Erth           ###.......   63%         5
 Lightning Bolt           Conj/Air       ###.......   63%         5


Dungeon Overview and Level Annotations

Branches:
Dungeon (10/15)            Temple (0/1) D:5             Orc (0/2) D:10
   Lair: D:8-11

Altars:
Nemelex Xobeh
Beogh

Shops:
D:8 !   D:9 [

Annotations:
D:10 Urug


Innate Abilities, Weirdness & Mutations

Your experience applies equally to all skills.
You have very sharp teeth.
Your uncanny sense of smell can sniff out nearby items.


Message History

You barely miss Urug.
Urug is almost dead.
Urug hits you with a +0 great sword of flaming!
Urug burns you.
Okay, then.
Okay, then.
It was a potion of brilliance.
You feel clever all of a sudden.
Okay, then.
Okay, then.
Okay, then.
You fail to use your ability.
Urug hits you with a +0 great sword of flaming!
* * * LOW HITPOINT WARNING * * *
Urug burns you.
* * * LOW HITPOINT WARNING * * *
You hit Urug but do no damage.
Urug is almost dead.
Urug hits you with a +0 great sword of flaming!!
You die...

## #######.. #........
#.o...... #@.......
################........
...............(........
#####..########........
#..# #(...#### #..#
#....# #..# #....#
######..# #.<..#
...(....########....#


You could see Urug.

Vanquished Creatures
  Harold (D:8)
  2 two-headed ogres
  A kobold demonologist (D:8)
  A troll (D:10)
  A hornet (D:9)
  12 yaks (D:10)
  Edmund (D:4)
  Menkaure (D:7)
  A water moccasin (D:9)
  Duvessa (D:7)
  2 orc warriors (D:8)
  An ice beast (D:5)
  5 phantoms
  2 necrophages
  2 ogres
  A centaur (D:4)
  Blork the orc (D:4)
  5 bullfrogs
  A big kobold (D:7)
  Dowan (D:7)
  A wyvern skeleton (D:7)
  A scorpion (D:9)
  9 killer bees
  3 wights (D:9)
  A howler monkey (D:7)
  A bullfrog zombie (D:7)
  A hound (D:8)
  9 orc priests
  3 jellies
  A centaur skeleton (D:4)
  3 iguanas
  3 orc wizards
  12 worker ants
  A worker ant zombie (D:5)
  3 gnolls (D:2)
  12 adders
  A shadow imp (D:8)
  3 white imps
  2 oozes
  An adder skeleton (D:10)
  4 worms
  4 leopard geckos
  32 orcs
  2 ball pythons
  7 giant cockroaches
  11 goblins
  6 hobgoblins
  7 jackals
  5 quokkas
  7 bats
  11 frilled lizards
  11 kobolds
  A leopard gecko skeleton (D:3)
  A quokka skeleton (D:7)
  9 rats
232 creatures vanquished.

Vanquished Creatures (collateral kills)
  5 orc warriors (D:10)
  A jelly (D:10)
  3 orc priests (D:10)
  11 orcs (D:10)
20 creatures vanquished.

Vanquished Creatures (others)
  A yak (D:10)
1 creature vanquished.

Grand Total: 253 creatures vanquished

Notes
Turn   | Place    | Note
-------+----------+-------------------------------------------
     0 | D:1      | Kinoniko the Gnoll Berserker began the quest for the Orb.
     0 | D:1      | Reached XP level 1. HP: 23/23 MP: 1/1
   196 | D:1      | Reached XP level 2. HP: 29/29 MP: 2/2
   943 | D:2      | Reached XP level 3. HP: 25/35 MP: 3/3
  1165 | D:2      | Reached skill level 1 in Invocations
  1171 | D:2      | Reached skill level 1 in Short Blades
  1171 | D:2      | Reached skill level 1 in Long Blades
  1171 | D:2      | Reached skill level 1 in Axes
  1171 | D:2      | Reached skill level 1 in Maces & Flails
  1171 | D:2      | Reached skill level 1 in Staves
  1171 | D:2      | Reached skill level 1 in Slings
  1171 | D:2      | Reached skill level 1 in Bows
  1171 | D:2      | Reached skill level 1 in Crossbows
  1171 | D:2      | Reached skill level 1 in Throwing
  1171 | D:2      | Reached skill level 1 in Stealth
  1171 | D:2      | Reached skill level 1 in Shields
  1171 | D:2      | Reached skill level 1 in Unarmed Combat
  1171 | D:2      | Reached skill level 1 in Spellcasting
  1171 | D:2      | Reached skill level 1 in Evocations
  1172 | D:2      | Reached XP level 4. HP: 41/41 MP: 5/5
  1175 | D:2      | Reached ** piety under Trog
  1264 | D:2      | Reached skill level 1 in Conjurations
  1264 | D:2      | Reached skill level 1 in Hexes
  1264 | D:2      | Reached skill level 1 in Summonings
  1264 | D:2      | Reached skill level 1 in Necromancy
  1264 | D:2      | Reached skill level 1 in Translocations
  1264 | D:2      | Reached skill level 1 in Transmutations
  1264 | D:2      | Reached skill level 1 in Fire Magic
  1264 | D:2      | Reached skill level 1 in Ice Magic
  1264 | D:2      | Reached skill level 1 in Air Magic
  1264 | D:2      | Reached skill level 1 in Earth Magic
  1264 | D:2      | Reached skill level 1 in Poison Magic
  1954 | D:2      | Reached XP level 5. HP: 47/47 MP: 5/7
  2375 | D:3      | Reached XP level 6. HP: 52/53 MP: 8/8
  2512 | D:3      | Reached *** piety under Trog
  2660 | D:4      | Noticed a necrophage
  2664 | D:4      | Killed a necrophage
  2664 | D:4      | Reached skill level 5 in Armour
  2664 | D:4      | Reached skill level 5 in Dodging
  2977 | D:4      | Noticed Blork the orc
  2983 | D:4      | Killed Blork the orc
  2987 | D:4      | Reached XP level 7. HP: 59/59 MP: 10/10
  3213 | D:4      | Noticed Edmund
  3224 | D:4      | Killed Edmund
  3833 | D:4      | Found a sparkling altar of Nemelex Xobeh.
  3966 | D:5      | Entered Level 5 of the Dungeon
  4150 | D:5      | Reached XP level 8. HP: 55/67 MP: 12/12
  4501 | D:5      | Found a staircase to the Ecumenical Temple.
  5341 | D:7      | Noticed Duvessa
  5341 | D:7      | Noticed Dowan
  5346 | D:7      | Killed Duvessa
  5351 | D:7      | Killed Dowan
  5426 | D:7      | Reached XP level 9. HP: 67/72 MP: 14/14
  5666 | D:7      | Noticed Menkaure
  5669 | D:7      | Killed Menkaure
  5723 | D:7      | Reached **** piety under Trog
  6155 | D:8      | Found Venit's Distillery.
  6159 | D:8      | Bought a potion of heal wounds for 65 gold pieces
  6218 | D:8      | Noticed a two-headed ogre
  6227 | D:8      | Killed a two-headed ogre
  6227 | D:8      | Reached skill level 5 in Invocations
  6365 | D:8      | Noticed Harold
  6377 | D:8      | Killed Harold
  6377 | D:8      | Reached skill level 5 in Short Blades
  6377 | D:8      | Reached skill level 5 in Long Blades
  6377 | D:8      | Reached skill level 5 in Axes
  6377 | D:8      | Reached skill level 5 in Maces & Flails
  6377 | D:8      | Reached skill level 5 in Staves
  6377 | D:8      | Reached skill level 5 in Slings
  6377 | D:8      | Reached skill level 5 in Bows
  6377 | D:8      | Reached skill level 5 in Crossbows
  6377 | D:8      | Reached skill level 5 in Throwing
  6377 | D:8      | Reached skill level 5 in Stealth
  6377 | D:8      | Reached skill level 5 in Shields
  6377 | D:8      | Reached skill level 5 in Unarmed Combat
  6377 | D:8      | Reached skill level 5 in Spellcasting
  6377 | D:8      | Reached skill level 5 in Evocations
  6377 | D:8      | Reached XP level 10. HP: 80/80 MP: 15/17
  6703 | D:8      | Noticed a kobold demonologist
  6714 | D:8      | Killed a kobold demonologist
  7914 | D:9      | Found Ekhloekurr's Antique Armour Shop.
  8160 | D:9      | Paralysed by a hornet for 3 turns
  8411 | D:10     | Entered Level 10 of the Dungeon
  8436 | D:10     | Noticed a two-headed ogre
  8446 | D:10     | Killed a two-headed ogre
  8558 | D:10     | Identified a scroll of acquirement
  8558 | D:10     | Acquired a manual of Polearms
  8613 | D:10     | Reached XP level 11. HP: 61/87 MP: 19/19
  8648 | D:10     | Found a roughly hewn altar of Beogh.
  8648 | D:10     | Found a staircase to the Orcish Mines.
  8743 | D:10     | Reached skill level 5 in Conjurations
  8743 | D:10     | Reached skill level 5 in Hexes
  8743 | D:10     | Reached skill level 5 in Summonings
  8743 | D:10     | Reached skill level 5 in Necromancy
  8743 | D:10     | Reached skill level 5 in Translocations
  8743 | D:10     | Reached skill level 5 in Transmutations
  8743 | D:10     | Reached skill level 5 in Fire Magic
  8743 | D:10     | Reached skill level 5 in Ice Magic
  8743 | D:10     | Reached skill level 5 in Air Magic
  8743 | D:10     | Reached skill level 5 in Earth Magic
  8743 | D:10     | Reached skill level 5 in Poison Magic
  9290 | D:10     | Noticed Urug
  9319 | D:10     | Slain by Urug

Illustrated notes

Levels and vault maps discovered:
D:1:      dpeg_arrival_line_fractal, layout_basic, amethyst_killhole,
          chequers_arboretum
D:2:      layout_loops_ring, nrook_uturn
D:3:      layout_rooms
D:4:      layout_cave_pools, marbit_many_paths, serial_column_ruins,
          column_ruins_square_medium, column_ruins_grid_1,
          column_ruins_columns_corner, column_ruins_columns_straight,
          column_ruins_grid_1, column_ruins_open_tiny,
          column_ruins_open_small_water, uniq_edmund, uniq_blork_the_orc
D:5:      layout_basic, minmay_temple_entry_statues_fountains
D:6:      layout_rooms
D:7:      layout_basic, uniq_duvessa, uniq_menkaure
D:8:      layout_basic, serial_shops, nicolae_shop_trees, uniq_harold
D:9:      layout_roguey, serial_shops, nicolae_shop_statue_plus
D:10:     layout_irregular_city, david_orc_5, uniq_urug

Skill      XL: |  1  2  3  4  5  6  7  8  9 10 11 |
---------------+----------------------------------+-----
Invocations    | 1 2 3 4 5 6 |  6.8
Short Blades   | 1 2 3 5 6 |  6.2
Long Blades    | 1 2 3 5 6 |  6.2
Axes           | 1 2 3 5 6 |  6.2
Maces & Flails | 1 2 3 5 6 |  6.2
Staves         | 1 2 3 5 6 |  6.2
Slings         | 1 2 3 5 6 |  6.2
Bows           | 1 2 3 5 6 |  6.2
Crossbows      | 1 2 3 5 6 |  6.2
Throwing       | 1 2 3 5 6 |  6.2
Stealth        | 1 2 3 5 6 |  6.2
Shields        | 1 2 3 5 6 |  6.2
Unarmed Combat | 1 2 3 5 6 |  6.2
Spellcasting   | 1 2 3 5 6 |  6.2
Evocations     | 1 2 3 5 6 |  6.2
Conjurations   | 1 2 3 4 5 |  5.1
Hexes          | 1 2 3 4 5 |  5.1
Summonings     | 1 2 3 4 5 |  5.1
Necromancy     | 1 2 3 4 5 |  5.1
Translocations | 1 2 3 4 5 |  5.1
Transmutations | 1 2 3 4 5 |  5.1
Fire Magic     | 1 2 3 4 5 |  5.1
Ice Magic      | 1 2 3 4 5 |  5.1
Air Magic      | 1 2 3 4 5 |  5.1
Earth Magic    | 1 2 3 4 5 |  5.1
Poison Magic   | 1 2 3 4 5 |  5.1
Armour         | 5 6 7 |  7.8
Dodging        | 5 6 7 |  7.8
Fighting       | 7 8 9 |  9.1
Polearms       | 7 8 9 |  9.4

Action                   |  1- 3 |  4- 6 |  7- 9 | 10-12 || total
-------------------------+-------+-------+-------+-------++-------
Melee: Spear             |    72 |    69 |       |       ||   141
       Bite              |     9 |    18 |    54 |    44 ||   125
       Punch             |     1 |     3 |     5 |    11 ||    20
       Dagger            |       |    74 |    93 |       ||   167
       Flail             |       |       |   195 |   265 ||   460
Invok: Berserk           |     1 |    10 |    14 |    17 ||    42
       Trog's Hand       |       |       |       |     2 ||     2
       Brothers in Arms  |       |       |       |     2 ||     2
  Use: Scroll            |       |     5 |    12 |     3 ||    20
       Potion            |       |       |       |     7 ||     7
 Stab: Sleeping          |     7 |       |       |       ||     7
       Distracted        |     1 |       |       |       ||     1
Armor: Animal skin       |     8 |       |       |       ||     8
       Chain mail        |       |    34 |    94 |   147 ||   275
       Skin              |       |       |       |    13 ||    13
       Troll leather arm |       |       |       |    11 ||    11
Dodge: Dodged            |    32 |    46 |   160 |   240 ||   478

Table legend: (Time is in decaauts)
 A = Elapsed time spent in this place.
 B = Non-inter-level travel time spent in this place.
 C = Inter-level travel time spent in this place.
 D = Time resting spent in this place.
 E = Time spent auto-exploring this place.
 F = Levels seen in this place.
 G = Mean time per level.
                   A        B        C        D        E       F      G
               +--------+--------+--------+--------+--------+-----+--------+
         Total |   9692 |   9328 |    364 |   2877 |   4752 |  10 |  969.2 |
       Dungeon |   9692 |   9328 |    364 |   2877 |   4752 |  10 |  969.2 |
               +--------+--------+--------+--------+--------+-----+--------+

Top non-repeatable levels by time:
     D:8: 1519 daAuts
     D:4: 1373 daAuts
     D:2: 1300 daAuts
    D:10: 969 daAuts
     D:5: 883 daAuts
     D:9: 875 daAuts
     D:7: 865 daAuts
     D:1: 821 daAuts
     D:3: 557 daAuts
     D:6: 527 daAuts
